cohdb
Replays
Latest Replays
All Replays
Popular Replays
Top Player Replays
Match Explorer
How It Works
Community
CoH3 Stats
Reddit
Sign in to upload your games and track your stats! →
Sign in with Steam
Match 41780098
Unlisted
Match 41780098
Overview
Messages
Build Orders
End
Panzergrenadier Squad
Selects Armored Support Battlegroup
250 Light Carrier
Panzergrenadier Squad
Construct Light Support Kompanie
Panzergrenadier Squad
Fire Support Elements
Flakvierling Half-track
Assault Mechanized Group
Combat Half-tracks
Selects Veteran Gunners
Construct Panzerarmee Kommand
Rapid Advance
Panzer III L Medium Tank
Selects Vehicle Awareness
Selects Panzer Storm
Panzer III L Medium Tank
Panzer III L Medium Tank
Panzer Storm
Selects Stuka Anti-tank Loiter
Emergency Repair Kits
Panzer III L Medium Tank
Armored Reserves
Vehicle Awareness
Stuka Anti-tank Loiter
Selects Flammpanzer III Medium Tank
Selects Battlefield Salvage
Tiger Heavy Tank
Tungsten Core Ammunition
Battlefield Salvage
Panzer III L Medium Tank
Yngvi
TLS'Waifu
MrMisrulent
Sarmynation
0
0
Comments
sign in to comment!
No comments posted yet!